 Dungeon Crawl Stone Soup version 0.30-a0-578-gdee14c521f (console) character file.

Game seed: 12600833572053603241

413 jejorda2 the Poker (level 6, 0/47 (51) HPs)
             Began as a Merfolk Berserker on Dec 31, 2022.
             Was a Priest of Trog.
             Slain by a wight
             ... wielding a +4 dagger
              (4 damage)
             ... on level 4 of the Dungeon.
             The game lasted 00:13:39 (2692 turns).

jejorda2 the Poker (Merfolk Berserker)              Turns: 2692, Time: 00:13:39

HP:   0/47 (51)     AC: 12    Str: 19    XL:     6   Next: 90%
MP:   6/6           EV: 14    Int:  4    God:    Trog [***...]
Gold: 325           SH:  0    Dex: 13    Spells: 5/5 levels left

rFire   + . .      SeeInvis .    a - +0 halberd
rCold   . . .      Faith    +    (shield currently unavailable)
rNeg    . . .      Spirit   .    c - +0 chain mail
rPois   .          Reflect  .    (no helmet)
rElec   .          Harm     .    (no cloak)
rCorr   +          Rampage  .    (no gloves)
Will    .....                    (no boots) Stlth
                                 h - amulet of faith
HPRegen 0.27/turn                d - ring "Senaoxup" {rF+ rCorr EV+5 Int-3}
MPRegen 0.10/turn                l - +4 ring of protection

@: on berserk cooldown, slowed, studying Throwing, drained, very slow
A: (nimble swimmer 2), mertail
a: Renounce Religion, Berserk, Trog's Hand


You were on level 4 of the Dungeon.
You worshipped Trog.
Trog was most pleased with you.
You visited 1 branch of the dungeon, and saw 4 of its levels.

You collected 1219 gold pieces.
You spent 894 gold pieces at shops.

Inventory:

Hand Weapons
 a - a +0 halberd (weapon)
 b - a +1 heavy trident
Missiles
 f - 4 javelins
 g - 65 stones (quivered)
 i - 3 curare-tipped darts
 k - 3 poisoned darts
Armour
 c - a +0 chain mail (worn)
Jewellery
 d - the ring "Senaoxup" (left hand) {rF+ rCorr EV+5 Int-3}
   (You acquired it on level 4 of the Dungeon)

   [ring of evasion]

   EV:        It affects your evasion (+5).
   Int:       It affects your intelligence (-3).
   rF:        It protects you from fire.
   rCorr:     It protects you from acid and corrosion.
 h - an amulet of faith (around neck)
 l - a +4 ring of protection (right hand)
 n - a ring of ice
Scrolls
 p - a scroll of identify {unknown}
 q - a scroll of noise {unknown}
Potions
 e - 4 potions of attraction {unknown}
 j - a potion of mutation {unknown}
 m - a potion of resistance {unknown}
 o - a potion of cancellation {unknown}


   Skills:
 + Level 5.0 Fighting
 * Level 7.5 Polearms
 - Level 1.3 Armour
 + Level 5.1 Dodging


You had 5 spell levels left.
You didn't know any spells.
Your spell library was empty.

Dungeon Overview and Level Annotations

Branches:
Dungeon (4/15)
 Temple: D:4-7

Altars:

Shops:
D:1 ((*[*   D:3 =


Innate Abilities, Weirdness & Mutations

((You are very nimble when in or above water. (Stealth+, EV+, Speed+++)))
Your lower body shifts to a powerful aquatic tail in water.


Message History

The wight is heavily damaged.
The wight hits you with a +3 falchion of freezing.
The wight freezes you. The wight completely misses you.
You hit the wight but do no damage.
The wight is heavily damaged.
The wight closely misses you. The wight misses you.
You barely miss the wight.
The wight is heavily damaged.
The wight hits you with a +3 falchion of freezing.
The wight freezes you.
You puncture the wight!
You destroy the wight!
Trog accepts your kill. The wight hits you with a +4 dagger!
Your Fighting skill increases to level 5!
Okay, then.
Okay, then.
Press: ? - help, v - describe, . - travel
Here: a wight, wielding a +2 short sword of freezing and wearing a +0 robe The floor.
Unknown command.
You closely miss the wight. The wight closely misses you.
The wight hits you with a +4 dagger.
You slash the wight!
The wight is heavily damaged.
The wight misses you. The wight hits you with a +4 dagger.
You feel drained.
You hit the wight.
The wight is severely damaged.
The wight hits you but does no damage.
You hit the wight.
The wight is almost destroyed.
The wight hits you with a +4 dagger. The wight barely misses you.
You barely miss the wight.
The wight is almost destroyed.
The wight hits you with a +4 dagger!
* * * LOW HITPOINT WARNING * * *
You feel drained.
* * * LOW HITPOINT WARNING * * *
The wight hits you with a +4 dagger.
You die...

#.###########
#...........#
####.#########.#
#..#.#.......#.#
#..#.#.......#.#
#..#.#....<..#.#
##..#.#.......#.#
#...#.#.###.#.#.#
##..#...# #.#.#@#
#..##### #.#.#z#
#..#######.#.#z#
#..........#.#)#
##†##########.#.#
#.............#....#
###############....#
.....# ...z.#


You could see 2 wights.

Vanquished Creatures
  A scorpion (D:4)
  3 wights (D:4)
  3 orc wizards
  4 gnolls (D:3)
  2 adders (D:2)
  A white imp (D:4)
  A worm (D:2)
  A dart slug (D:2)
  5 orcs
  8 ball pythons
  5 endoplasms
  5 giant cockroaches
  6 hobgoblins
  4 jackals (D:1)
  3 quokkas
  3 bats (D:1)
  2 frilled lizards
  6 goblins
  8 kobolds
  5 rats
76 creatures vanquished.

Notes
Turn   | Place    | Note
-------+----------+-------------------------------------------
     0 | D:1      | jejorda2 the Merfolk Berserker began the quest for the Orb.
     0 | D:1      | Reached XP level 1. HP: 18/18 MP: 1/1
   138 | D:1      | Reached XP level 2. HP: 24/24 MP: 2/2
   138 | D:1      | Found Vorez's Assorted Antiques.
   158 | D:1      | Found Tuirer's Armour Shop.
   187 | D:1      | Found Uve Hoch's Weapon Shop.
   319 | D:1      | Found Jinuebai's Weapon Shoppe.
   349 | D:1      | Found Jokops's General Store.
   364 | D:1      | Reached ** piety under Trog
   365 | D:1      | Reached XP level 3. HP: 28/29 MP: 3/3
   551 | D:1      | Bought 4 javelins for 38 gold pieces
   716 | D:2      | Reached skill level 5 in Polearms
  1040 | D:2      | Reached XP level 4. HP: 37/37 MP: 4/4
  1803 | D:3      | Found Nixtoid's Jewellery Boutique.
  1820 | D:3      | Identified the +0 robe of the Dull God {Rampage Drain
                  | rCorr}
  2182 | D:3      | Reached XP level 5. HP: 38/42 MP: 5/5
  2183 | D:3      | Reached skill level 6 in Polearms
  2389 | D:4      | Identified 3 scrolls of acquirement
  2389 | D:4      | Acquired 1066 gold pieces
  2391 | D:4      | Acquired a manual of Throwing
  2392 | D:4      | Acquired the ring "Senaoxup" {rF+ rCorr EV+5 Int-3}
  2519 | D:3      | Bought an amulet of faith for 520 gold pieces
  2579 | D:1      | Bought an agate ring for 140 gold pieces
  2579 | D:1      | Bought a shiny peridot ring for 140 gold pieces
  2579 | D:1      | Bought a scroll labelled KOTSIST BEURR for 28 gold pieces
  2579 | D:1      | Bought a scroll labelled IMYAJE HIEMYAM for 28 gold pieces
  2669 | D:4      | Reached XP level 6. HP: 41/49 MP: 6/6
  2677 | D:4      | Reached skill level 7 in Polearms
  2681 | D:4      | Reached skill level 5 in Dodging
  2687 | D:4      | Reached *** piety under Trog
  2688 | D:4      | Reached skill level 5 in Fighting
  2692 | D:4      | Slain by a wight

Illustrated notes

Levels and vault maps discovered:
D:1:      spicycebolla_green_bress_n_ham_2, layout_rooms, serial_shops,
          nicolae_shop_waterfront, shop, shop, nicolae_shop_behind_doors,
          nicolae_shop_trees, minmay_misc_feat_cross, corexii_leaking_fountain,
          minmay_pentomino_s4
D:2:      layout_basic, minmay_small_reverse_x
D:3:      layout_loops_corners, serial_shops, nicolae_shop_trees,
          dk_noncrumbling_3
D:4:      layout_basic, nicolae_vehumet_radiance,
          mainiacjoe_overflow_divided_tiny, lemuel_doored_altar,
          jmf_multi_god_temple, uniq_natasha

Skill      XL: |  1  2  3  4  5  6 |
---------------+-------------------+-----
Dodging        | 3 4 5 |  5.1
Polearms       | 5 6 7 |  7.5
Fighting       | 4 5 |  5.0
Armour         | |  1.3

Action                   |  1- 3 |  4- 6 || total
-------------------------+-------+-------++-------
Melee: Spear             |   164 |    23 ||   187
       Punch             |     1 |       ||     1
       Trident           |       |    39 ||    39
       Halberd           |       |    52 ||    52
Invok: Trog's Hand       |       |     3 ||     3
       Berserk           |       |     2 ||     2
  Use: Scroll            |       |     4 ||     4
Armor: Chain mail        |    74 |    40 ||   114
Dodge: Dodged            |    50 |    48 ||    98

Table legend: (Time is in decaauts)
 A = Elapsed time spent in this place.
 B = Non-inter-level travel time spent in this place.
 C = Inter-level travel time spent in this place.
 D = Time resting spent in this place.
 E = Time spent auto-exploring this place.
 F = Levels seen in this place.
 G = Mean time per level.
                   A        B        C        D        E       F      G
               +--------+--------+--------+--------+--------+-----+--------+
         Total |   2696 |   2413 |    283 |     35 |   1871 |   4 |  674.0 |
       Dungeon |   2696 |   2413 |    283 |     35 |   1871 |   4 |  674.0 |
               +--------+--------+--------+--------+--------+-----+--------+

Top non-repeatable levels by time:
     D:3: 1105 daAuts
     D:2: 718 daAuts
     D:1: 690 daAuts
     D:4: 182 daAuts
